AoeStats
← PAnDA_2_0

Fortress

510370860Analyzed
1v1 RM · 2d ago on Sep 30, 2026· 50m 14s· 2 players
Game mode
Random Map
Map size
Small (3 player)
Population
200
Speed
Normal
Resources
Standard
Victory
Conquest
Starting age
Dark Age
Ending age
Imperial Age
RankedLock teamsTeams togetherTeam positionsShared explorationLock speedFull tech treeHidden civsTurbo modeCheats
Victory
Defeat
🇷🇺 Britons · Russia
1269
+38
🇺🇸 Vietnamese · United States
1267
-16
Ultros
7:37 Feudal Age
5:53 Loom
7:49 Loom
11:26 Castle Age
10:18 Double-Bit Axe
11:30 Horse Collar
12:55 Bow Saw
12:37 Gold Mining
12:53 Heavy Plow
13:59 Wheelbarrow
14:26 Town Watch
17:36 Fletching
17:47 Padded Archer Armor
19:40 Ballistics
20:08 Bodkin Arrow
20:05 Elite Skirmisher
25:49 Bloodlines
28:03 Thumb Ring
28:29 Leather Archer Armor
31:25 Husbandry
34:12 Imperial Age
33:15 Scale Barding Armor
33:21 Forging
35:14 Hand Cart
35:28 Chatras
35:45 Pikeman
36:25 Squires
38:56 Stone Mining
38:45 Imperial Skirmisher
41:13 Two-Man Saw
41:48 Ring Archer Armor
41:19 Bracer
43:43 Chemistry
42:24 Halberdier
43:56 Elite Battle Elephant
PAnDA_2_0
8:00 Feudal Age
9:21 Double-Bit Axe
12:22 Castle Age
10:25 Fletching
10:36 Padded Archer Armor
10:18 Horse Collar
11:08 Gold Mining
11:38 Loom
12:02 Stone Mining
13:21 Wheelbarrow
13:12 Bodkin Arrow
22:26 Leather Archer Armor
24:42 Hand Cart
27:18 Ballistics
27:21 Heavy Plow
27:51 Light Cavalry
28:32 Husbandry
28:33 Town Watch
29:58 Scale Barding Armor
34:56 Imperial Age
33:41 Yeomen
33:51 Chain Barding Armor
34:30 Masonry
34:15 Treadmill Crane
34:46 Forging
35:19 Town Patrol
36:26 Bracer
36:57 Ring Archer Armor
37:57 Elite Longbowman
39:26 Plate Barding Armor
40:38 Conscription
41:37 Chemistry
41:08 Architecture
42:13 Gold Shaft Mining
45:53 Iron Casting
46:20 Warwolf
50:57 Blast Furnace
Connection lost

Rejoining the realm…

Still unreachable

The connection could not be restored.

Session expired

The server has moved on; the page needs a fresh start.